 Dungeon Sprint DCSS version 0.20-a0-1122-gb7cbeb9 (webtiles) character file.

3873 potatolord6000 the Fighter (level 10, -3/178 HPs)
             Began as a White Draconian Fighter on May 11, 2017.
             Was an Initiate of Gozag.
             Slain by an ogre mage
             ... wielding a cursed -3 halberd
              (8 damage)
             ... while paralysed by an ogre mage
             ... in the Dungeon (Sprint V: "Ziggurat Sprint").
             The game lasted 00:07:22 (478 turns).

potatolord6000 the Fighter (White Draconian Fighter) Turns: 478, Time: 00:07:23

Health: -3/178     AC: 10    Str: 32    XL:     10   Next: 0%
Magic:  10/10      EV:  2    Int: 14    God:    Gozag
Gold:   1548       SH:  0    Dex: 10    Spells: 9/9 levels left

rFire    + + +     SeeInvis .   z - +8 lance "Wyrmbane" {slay drac, rPois rF+ rC+ AC+3}
rCold    + + +     Gourm    .   y - +18 shield of the Gong {rElec rN+ MR+ EV-5}
rNeg     + . .     Faith    .   (armour unavailable)
rPois    +         Spirit   .   (helmet restricted)
rElec    +         Reflect  .   (no cloak)
rCorr    +         Harm     .   (no gloves)
MR       +....     NoTele   +   (no boots)
Stlth    ..........             n - amulet of Vitality {Regen+ HP+15}
Regen    0.8/turn               C - +6 ring of strength
MPRegen  0.2/turn               b - ring "Canleki" {rF+ Int+4 Dex-5 Slay+5 Stlth+}

@: paralysed, mighty, agile, berserking (expiring), resistant, gold aura,
drained
A: breathe frost, unfitting armour, cold resistance 1, cold-blooded, AC +7
a: Breathe Frost, Potion Petition, Call Merchant, Bribe Branch, Renounce
Religion


You were in the Dungeon.
You worshipped Gozag.
Gozag was most pleased with you.
You were very full.

You visited 1 branch You collected 2385 gold pieces.
You paid 837 gold pieces to Gozag.

Inventory:

Hand Weapons
 z - the +8 lance "Wyrmbane" (weapon) {slay drac, rPois rF+ rC+ AC+3}
   (You found it in the Dungeon)

   It affects your AC (+3).
   It protects you from fire.
   It protects you from cold.
   It protects you from poison.
Armour
 y - the +18 shield of the Gong (worn) {rElec rN+ MR+ EV-5}
   (You found it in the Dungeon)

   It affects your evasion (-5).
   It insulates you from electricity.
   It protects you from negative energy.
   It affects your resistance to hostile enchantments.
Jewellery
 b - the ring "Canleki" (right hand) {rF+ Int+4 Dex-5 Slay+5 Stlth+}
   (You found it in the Dungeon)

   [ring of protection from fire]

   It affects your intelligence (+4).
   It affects your dexterity (-5).
   It affects your accuracy and damage with ranged weapons and melee attacks
   (+5).
   It protects you from fire.
   It makes you more stealthy.
 n - the amulet of Vitality (around neck) {Regen+ HP+15}
   (You found it in the Dungeon)

   [amulet of regeneration]

   It affects your health (+15).
   It increases your rate of regeneration.
 C - a +6 ring of strength (left hand)
Scrolls
 a - a scroll of brand weapon
 j - 4 scrolls of blinking
 p - 4 scrolls of amnesia
 q - 3 scrolls of recharging
 r - 7 scrolls of fog
 s - a scroll of holy word
 t - 5 scrolls of identify
 u - 5 scrolls of remove curse
 v - 2 scrolls of fear
Potions
 c - 5 potions of might
 e - 10 potions of curing
 f - 6 potions of heal wounds
 g - 6 potions of haste
 h - 7 potions of magic
 i - 3 potions of berserk rage
 k - 2 potions of brilliance
 l - 2 potions of invisibility
 m - 4 potions of resistance
 o - 5 potions of agility
Comestibles
 d - 5 bread rations
 w - 42 fruits
 x - 3 meat rations


   Skills:
 + Level 14.3(13.7) Fighting
   Level 2.0(8.6) Axes
   Level 3.3(3.1) Maces & Flails
 + Level 13.1(12.5) Polearms
 - Level 2.6(2.2) Dodging
 + Level 13.4(12.8) Shields


You had 9 spell levels left.
You didn't know any spells.

Dungeon Overview and Level Annotations

Branches:
Dungeon (1/1)

Altars:
Ashenzari
Cheibriados
Dithmenos
Elyvilon
Fedhas
Gozag
Hepliaklqana
Kikubaaqudgha
Makhleb
Nemelex Xobeh
Okawaru
Qazlal
Ru
Sif Muna
Trog
Uskayaw
Vehumet
Wu Jian
Xom
Yredelemnul
Zin
The Shining One
Beogh
Jiyva
Lugonu

Annotations:
D 1 transporter


Innate Abilities, Weirdness & Mutations

You can breathe waves of freezing cold.
You can buffet flying creatures when you breathe cold.
Your icy white scales are hard. (AC +7)
You cannot fit into any form of body armour.
Your flesh is cold resistant. (rC+)
You are cold-blooded and may be slowed by cold attacks.


Message History

The ogre mage casts a spell at you.
Helpless, you fail to dodge the bolt of lightning.
You resist.
The vault warden hits you with a great sword of draining!!
* * * LOW HITPOINT WARNING * * *
You partially resist.
You feel drained.
* * * LOW HITPOINT WARNING * * *
The ogre mage hits you but does no damage.
The vault guard hits you with a long sword!
* * * LOW HITPOINT WARNING * * *
The vault warden hits you with a great sword of draining!
* * * LOW HITPOINT WARNING * * *
You partially resist.
You feel drained.
* * * LOW HITPOINT WARNING * * *
The ogre mage hits you from afar with a halberd!
* * * LOW HITPOINT WARNING * * *
The vault guard is distracted by the nearby gold.
The ogre mage hits you from afar with a halberd!
You die...
Your body crumbles into a pile of gold.

▓........▓........▓
▓▓▓▓▓▓▓▓▓▓▓▓▓▓▓▓▓▓▓
▓...8©8...▓..8©8..▓
▓..).):...▓..:.|..▓
▓...)||...▓..)):..▓
▓.........▓.......▓
▓.....O...▓.......▓
▓...p$$...▓.......▓
▓...$@p...▓.......▓
▓.▓.....▓.▓.▓...▓.▓
▓.........▓.......▓
▓▓▓▓▓▓▓▓▓▓▓▓▓▓▓▓▓▓▓
▓..8©8..▓ ▓..}.:..▓
▓..|:...▓ ▓.......▓
▓.)(....▓


You could see a vault warden, a vault guard (unaware) and an ogre mage.

Vanquished Creatures
  A great orb of eyes (D)
  A vault guard (D)
  3 cyclopes (D)
  2 yaktaurs (D)
  A hornet (D)
  2 water moccasins (D)
  2 necrophages (D)
  A centaur (D)
  2 orc priests (D)
  3 iguanas (D)
  An adder (D)
  2 river rats (D)
  An adder zombie (D)
  2 adder skeletons (D)
  2 orcs (D)
  4 jackals (D)
  A jackal skeleton (D)
  A leopard gecko simulacrum (D)
  A leopard gecko skeleton (D)
  A quokka skeleton (D)
34 creatures vanquished.

Notes
Turn   | Place    | Note
-------+----------+-------------------------------------------
     0 | D        | potatolord6000 the Draconian Fighter began the quest for the Orb.
     0 | D        | Reached XP level 1. HP: 19/19 MP: 1/1
     0 | D        | Found a blossoming altar of Fedhas.
     1 | D        | Found a viscous altar of Jiyva.
     1 | D        | Found an ancient bone altar of Kikubaaqudgha.
     1 | D        | Found a hazy altar of Hepliaklqana.
     1 | D        | Found a corrupted altar of Lugonu.
     1 | D        | Found an opulent altar of Gozag.
     1 | D        | Found a burning altar of Makhleb.
     3 | D        | Found a deep blue altar of Sif Muna.
     3 | D        | Found a sacrificial altar of Ru.
     3 | D        | Found a bloodstained altar of Trog.
     3 | D        | Found a stormy altar of Qazlal.
     3 | D        | Found an iron altar of Okawaru.
     3 | D        | Found a sparkling altar of Nemelex Xobeh.
    65 | D        | Became a worshipper of Gozag Ym Sagoz the Greedy
    74 | D        | Reached skill level 5 in Fighting
    74 | D        | Reached XP level 2. HP: 29/29 MP: 2/2
    78 | D        | Entered arena 2.
    94 | D        | Got the ring of Symmetry {rC+ Str+3}
   101 | D        | Entered arena 3.
   101 | D        | Noticed a water moccasin
   101 | D        | Noticed a water moccasin
   107 | D        | Killed a water moccasin
   107 | D        | Reached skill level 7 in Fighting
   107 | D        | Reached skill level 5 in Polearms
   107 | D        | Reached XP level 3. HP: 39/39 MP: 3/3
   107 | D        | Reached XP level 4. HP: 47/47 MP: 4/4
   109 | D        | Killed a water moccasin
   109 | D        | Reached skill level 8 in Fighting
   109 | D        | Reached XP level 5. HP: 53/53 MP: 5/5
   130 | D        | Entered arena 4.
   138 | D        | Reached XP level 6. HP: 54/62 MP: 6/6
   153 | D        | Entered arena 5.
   165 | D        | Reached skill level 9 in Fighting
   240 | D        | Entered arena 6.
   268 | D        | Got the ring "Canleki" {rF+ Int+4 Dex-5 Slay+5 Stlth+}
   273 | D        | Entered arena 7.
   281 | D        | Reached skill level 10 in Fighting
   281 | D        | Your scales start taking on an icy white colour.
   281 | D        | Reached XP level 7. HP: 71/72 MP: 7/7
   281 | D        | Gained mutation: Your flesh is cold resistant. (rC+) [White Draconian growth]
   310 | D        | Entered arena 8.
   310 | D        | Noticed a cyclops
   310 | D        | Noticed a yaktaur
   310 | D        | Noticed a cyclops
   310 | D        | Noticed a cyclops
   310 | D        | Noticed a yaktaur
   321 | D        | Killed a yaktaur
   321 | D        | Reached skill level 10 in Shields
   331 | D        | Killed a cyclops
   331 | D        | Reached skill level 11 in Fighting
   331 | D        | Reached skill level 10 in Polearms
   331 | D        | Reached XP level 8. HP: 47/82 MP: 8/8
   334 | D        | Killed a cyclops
   334 | D        | Reached skill level 12 in Fighting
   337 | D        | Killed a cyclops
   339 | D        | Reached XP level 9. HP: 41/92 MP: 9/9
   342 | D        | Killed a yaktaur
   342 | D        | Reached skill level 13 in Fighting
   440 | D        | Entered arena 9.
   440 | D        | Noticed a vault warden
   440 | D        | Noticed a vault guard
   440 | D        | Noticed a vault guard
   440 | D        | Noticed an ogre mage
   440 | D        | Noticed a great orb of eyes
   454 | D        | Killed a great orb of eyes
   457 | D        | Paralysed by a hornet for 2 turns
   459 | D        | HP: 5/109 [ogre mage/halberd (2)]
   472 | D        | Killed a vault guard
   472 | D        | Reached skill level 14 in Fighting
   472 | D        | Reached XP level 10. HP: 75/104 MP: 10/10
   475 | D        | Paralysed by an ogre mage for 5 turns
   478 | D        | HP: 5/178 [ogre mage/halberd (10)]
   478 | D        | Slain by an ogre mage

Vault maps used:
D:        sprint_v

Skill      XL: |  1  2  3  4  5  6  7  8  9 |
---------------+----------------------------+-----
Fighting       | 5 7 8 10 11 12 14 | 14.3
Maces & Flails | 3 |  3.3
Polearms       | 3 5 6 7 8 10 11 13 | 13.1
Shields        | 4 6 7 8 9 10 11 13 | 13.4
Axes           | |  2.0
Dodging        | |  2.6

Action                   |  1- 3 |  4- 6 |  7- 9 | 10-12 || total
-------------------------+-------+-------+-------+-------++-------
Melee: Lance             |     7 |    42 |    49 |     3 ||   101
       Tailslap          |     1 |     6 |    12 |       ||    19
Invok: Potion Petition   |     1 |       |     1 |       ||     2
 Abil: Breathe Frost     |       |       |     1 |       ||     1
  Use: Potion            |     1 |       |     9 |       ||    10
 Stab: Invisible         |     1 |     1 |       |       ||     2
       Sleeping          |       |     1 |       |       ||     1
  Eat: Meat ration       |       |     1 |       |       ||     1
Armor: Skin              |       |     3 |     6 |       ||     9
Dodge: Dodged            |     2 |     1 |    15 |       ||    18
Block: Shield            |    13 |    46 |    92 |     2 ||   153
